 Dungeon Crawl Stone Soup version 0.23-a0-451-g1044d4cbad (webtiles) character file.

16897 Manul the Nimble (level 12, -2/100 HPs)
             Began as a Demonspawn Assassin on Nov 22, 2018.
             Was an Initiate of Gozag.
             Slain by Saint Roka
             ... wielding a +1 long sword of electrocution
              (11 damage)
             ... on level 2 of the Orcish Mines on Nov 23, 2018.
             The game lasted 00:24:33 (14202 turns).

Manul the Nimble (Demonspawn Assassin)             Turns: 14202, Time: 00:24:34

Health: -2/100     AC: 27    Str: 17    XL:     12   Next: 14%
Magic:  12/12      EV: 17    Int: 13    God:    Gozag
Gold:   500        SH:  0    Dex: 19    Spells: 11/11 levels left

rFire    + + .     SeeInvis .   r - +6 short sword (drain)
rCold    x . .     Gourm    .   (no shield)
rNeg     . . .     Faith    .   Q - +0 fire dragon scales
rPois    .         Spirit   .   O - +1 helmet of Ethics {Regen+}
rElec    .         Reflect  .   d - +2 cloak
rCorr    .         Harm     .   (no gloves)
MR       .....                  F - +1 pair of boots
Stlth    ++........             (no amulet)
HPRegen  0.66/turn              E - +4 ring of protection
MPRegen  0.13/turn              P - +5 ring of strength

@: gold aura, very slightly contaminated, invisible
A: claws 2, iridescent scales 2, demonic guardian 2, powered by pain 1
a: Potion Petition, Call Merchant, Bribe Branch, Renounce Religion


You were on level 2 of the Orcish Mines.
You worshipped Gozag.
Gozag was pleased with you.
You were hungry.

You visited 2 branches of the dungeon, and saw 15 of its levels.
You visited the Abyss 1 time.
You also visited: Ossuary and Bailey.

You collected 3113 gold pieces.
You spent 275 gold pieces at shops.
You paid 2338 gold pieces to Gozag.

Inventory:

Hand Weapons
 b - a +0 blowgun
 r - a +6 short sword of draining (weapon)
Missiles
 e - 56 poisoned needles
 f - 2 curare-tipped needles
Armour
 d - a +2 cloak (worn)
 o - a +0 buckler of protection
 D - the +1 leather armour of Herphot {rN+}
   (You found it in a bailey)

   It protects you from negative energy.
 F - a +1 pair of boots (worn)
 O - the +1 helmet of Ethics (worn) {Regen+}
   (You bought it in a shop on level 11 of the Dungeon)

   It increases your rate of regeneration.
 Q - +0 fire dragon scales (worn)
Jewellery
 i - an uncursed ring of protection from fire
 y - an uncursed ring of protection from cold
 B - an uncursed ring of resist corrosion
 E - a +4 ring of protection (left claw)
 P - a +5 ring of strength (right claw)
Wands
 t - a wand of random effects (44)
 K - a wand of acid (5)
Scrolls
 h - 8 scrolls of identify
 j - 2 scrolls of enchant armour
 l - 4 scrolls of remove curse
 n - 10 scrolls of teleportation
 q - 2 scrolls of fog
 s - a scroll of immolation {unknown}
 G - 2 scrolls of acquirement
 J - a scroll of noise {unknown}
 N - a scroll of holy word {unknown}
 R - a scroll of silence {unknown}
 S - a scroll of fear {unknown}
 T - a scroll of amnesia {unknown}
Potions
 a - 2 potions of invisibility
 c - a potion of berserk rage
 k - 3 potions of heal wounds
 m - 2 potions of brilliance
 p - a potion of resistance {unknown}
 u - 2 potions of haste {unknown}
 w - a potion of cancellation {unknown}
 z - 2 potions of flight
 A - 3 potions of degeneration {unknown}
 C - a potion of agility {unknown}
 H - 5 potions of curing {unknown}
 I - a potion of mutation {unknown}
 M - a potion of ambrosia {unknown}
Miscellaneous
 L - a phial of floods (inert)
Comestibles
 g - 17 rations


   Skills:
 + Level 11.0 Fighting
 - Level 3.9 Short Blades
 - Level 1.7 Throwing
 + Level 9.3 Armour
 + Level 11.3 Dodging
 + Level 4.9 Stealth
 + Level 1.2 Evocations


You had 11 spell levels left.
You didn't know any spells.
Your spell library contained the following spells:

 Spells                   Type           Power        Failure   Level  Hunger
 Corona                   Hex            #......      71%         1    ##.....
 Ensorcelled Hibernation  Hex/Ice        #.....       85%         2    ###....
 Confuse                  Hex            #.......     97%         3    ####...
 Dazzling Spray           Conj/Hex       #.....       97%         3    ####...
 Tukima's Dance           Hex            #.......     97%         3    ####...


Dungeon Overview and Level Annotations

Branches:
Dungeon (13/15)            Temple (0/1) D:5            Lair (0/6) D:11
    Orc (2/2) D:10         Vaults (0/5) D:13
    Elf: Orc:2

Altars:
Cheibriados
Elyvilon
Fedhas
Gozag
Makhleb
Sif Muna
Vehumet
Xom
Zin
The Shining One
Beogh

Shops:
D:9 [*   D:11 [   D:12 *

Annotations:
D:2 exclusion: oklob plant
D:13 Nessos
Orc:2 Saint Roka


Innate Abilities, Weirdness & Mutations

You have very sharp fingernails.
You are mostly covered in iridescent scales. (AC +4)
A demonic guardian rushes to your aid.
You sometimes gain a little power by taking damage.


Message History

Your sixfirhy hits Saint Roka but does no damage.
Your sixfirhy barely misses Saint Roka.
Your sixfirhy hits Saint Roka but does no damage.
Items here: $ )))) [[[[ You are too injured to fight recklessly!
You are too injured to fight recklessly!
You hit Saint Roka. You drain Saint Roka!
Saint Roka is moderately wounded.
Your sixfirhy hits Saint Roka.
Your sixfirhy shocks Saint Roka!
Saint Roka mumbles some strange prayers to Beogh against you.
Beogh smites you!
* * * LOW HITPOINT WARNING * * *
Your soul eater hits Saint Roka!
You hit Saint Roka but do no damage.
Saint Roka is heavily wounded.
Saint Roka hits you with a +1 long sword of electrocution!!
* * * LOW HITPOINT WARNING * * *
You are electrocuted!
You die...
Your body crumbles into a pile of gold.

############## ##
.##........##..###.## ##
...........(........##..
..........[<............
$$ ...........$$..........
..........3@.[.......#
..........o3.......## .
...................# ...
...................##....
$
.........................
.........................$
.#..........[$....#......
.........##...........#
.....................##


You could see Saint Roka, a friendly soul eater and a friendly sixfirhy.

Vanquished Creatures
  A tentacled starspawn (Abyss:1)
  Erica (D:11)
  A two-headed ogre (D:12)
  2 orc knights
  2 orc sorcerers (Orc:2)
  Psyche (D:12)
  An ice statue (Abyss:1)
  A gargoyle (D:12)
  3 hippogriffs
  A wyvern (D:12)
  A steam dragon (D:11)
  2 yaks
  A hungry ghost (D:7)
  A soldier ant (D:11)
  A warg (Orc:1)
  A water moccasin (D:9)
  3 orc warriors
  2 porcupines (D:11)
  3 phantoms
  2 ice beasts
  2 sky beasts
  An eye of draining (D:12)
  2 black bears (D:11)
  2 necrophages
  3 centaurs
  6 ogres
  A crocodile (D:11)
  5 big kobolds
  5 bullfrogs
  An elf zombie (Ossuary)
  A gnoll sergeant (D:8)
  A scorpion (D:9)
  A small abomination (Abyss:3)
  13 killer bees (D:9)
  3 howler monkeys (D:8)
  4 bullfrog zombies
  6 centaur zombies
  7 crimson imps
  A jelly (D:9)
  A quasit (D:9)
  4 hounds
  8 orc wizards
  2 human zombies (Ossuary)
  An orc priest (D:9)
  3 bullfrog skeletons
  A centaur skeleton (D:11)
  An iguana (D:10)
  10 worker ants
  A killer bee zombie (D:10)
  A hound skeleton (D:6)
  2 mummies (Ossuary)
  2 worker ant zombies
  A howler monkey skeleton (D:9)
  9 adders
  7 gnolls
  7 shadow imps
  An ooze (D:5)
  2 adder skeletons
  5 worms
  3 dart slugs
  6 leopard geckos
  19 orcs
  3 bats (D:1)
  4 giant cockroaches
  7 goblins
  9 hobgoblins
  3 quokkas
  8 frilled lizards
  23 kobolds
  A leopard gecko skeleton (D:4)
  2 quokka zombies (D:6)
  4 rats
257 creatures vanquished.

Vanquished Creatures (collateral kills)
  A death knight (D:12)
  An orc high priest (Orc:2)
  2 thrashing horrors (Abyss:3)
  2 orc sorcerers
  2 manticores
  An ugly thing (D:12)
  A fire giant skeleton (Abyss:1)
  An apocalypse crab (Abyss:3)
  A queen bee (D:9)
  2 trolls (D:12)
  A hornet (D:7)
  A large abomination (Abyss:1)
  3 yaks (D:12)
  Duvessa (D:4)
  A hell hound (Abyss:1)
  10 orc warriors
  An ogre (D:9)
  2 phantoms
  A crocodile (D:9)
  2 centaurs
  An elf zombie (Ossuary)
  A bullfrog (D:9)
  Dowan (D:4)
  3 scorpions
  7 killer bees (D:9)
  A howler monkey (D:4)
  A crimson imp (D:5)
  A bullfrog zombie (D:9)
  3 orc priests (Orc:2)
  A quasit (D:12)
  A gnoll shaman (D:9)
  3 human zombies (Ossuary)
  4 orc wizards
  A mummy (Ossuary)
  2 gnolls (Bailey)
  A worker ant zombie (D:9)
  An adder (D:4)
  A leopard gecko (D:4)
  11 orcs
  4 hobgoblins (Bailey)
  2 kobolds
  A fungus (D:11)
89 creatures vanquished.

Vanquished Creatures (others)
  A bush (D:7)
  8 fungi (D:11)
  4 starspawn tentacles (Abyss:1)
  15 toadstools (D:2)
28 creatures vanquished.

Grand Total: 374 creatures vanquished

Notes
Turn   | Place    | Note
-------+----------+-------------------------------------------
     0 | D:1      | Manul the Demonspawn Assassin began the quest for the Orb.
     0 | D:1      | Reached XP level 1. HP: 16/16 MP: 1/1
   462 | D:1      | Gained mutation: You are partially covered in iridescent
                  | scales. (AC +2) [demonic ancestry]
   462 | D:1      | Reached XP level 2. HP: 23/23 MP: 2/2
   921 | D:1      | Reached skill level 1 in Dodging
  1242 | D:2      | Found a burning altar of Makhleb.
  1843 | D:2      | Found a blossoming altar of Fedhas.
  1858 | D:2      | Noticed an oklob plant
  2005 | D:3      | Gained mutation: A weak demonic guardian rushes to your
                  | aid. [demonic ancestry]
  2005 | D:3      | Reached XP level 3. HP: 26/28 MP: 3/3
  2021 | D:3      | Found a shimmering altar of Xom.
  2166 | D:3      | Found a deep blue altar of Sif Muna.
  2754 | D:3      | Reached skill level 1 in Armour
  2814 | D:3      | Gained mutation: You sometimes gain a little power by
                  | taking damage. [demonic ancestry]
  2814 | D:3      | Reached XP level 4. HP: 31/34 MP: 4/4
  2874 | D:3      | Found a white marble altar of Elyvilon.
  3038 | D:4      | Gained mutation: A demonic guardian rushes to your aid.
                  | [demonic ancestry]
  3038 | D:4      | Reached XP level 5. HP: 17/40 MP: 5/5
  3040 | D:4      | Noticed a phantom
  3067 | D:4      | Killed a phantom
  3082 | D:4      | Noticed Dowan
  3354 | D:4      | Found an opulent altar of Gozag.
  3439 | D:4      | Noticed Duvessa
  3459 | D:4      | Killed Duvessa
  3464 | D:4      | Killed Dowan
  3464 | D:4      | Reached XP level 6. HP: 38/47 MP: 6/6
  4000 | D:5      | Entered Level 5 of the Dungeon
  4028 | D:5      | Reached XP level 7. HP: 40/52 MP: 7/7
  4481 | D:4      | Became a worshipper of Gozag Ym Sagoz the Greedy
  4987 | D:5      | Gained mutation: You have sharp fingernails. [demonic
                  | ancestry]
  4987 | D:5      | Reached XP level 8. HP: 61/61 MP: 8/8
  5052 | D:5      | Found a staircase to the Ecumenical Temple.
  5285 | D:6      | Reached skill level 5 in Armour
  5307 | D:6      | Found a sand-covered staircase.
  5314 | Ossuary  | Entered an ossuary
  5391 | Ossuary  | Reached skill level 5 in Fighting
  5962 | D:6      | Found a glowing silver altar of Zin.
  6073 | D:7      | Noticed a hornet
  6078 | D:7      | Gained mutation: You have very sharp fingernails. [demonic
                  | ancestry]
  6078 | D:7      | Reached XP level 9. HP: 66/69 MP: 9/9
  6315 | D:7      | Found a glowing golden altar of the Shining One.
  6315 | D:7      | Found a blossoming altar of Fedhas.
  6325 | D:7      | Reached skill level 5 in Dodging
  6661 | D:7      | Found a radiant altar of Vehumet.
  8206 | D:9      | Gained mutation: You are mostly covered in iridescent
                  | scales. (AC +4) [demonic ancestry]
  8206 | D:9      | Reached XP level 10. HP: 63/80 MP: 10/10
  9366 | D:9      | Found a snail-covered altar of Cheibriados.
  9398 | D:9      | Found Cenovurr's Antique Armour Emporium.
  9734 | D:10     | Entered Level 10 of the Dungeon
  9736 | D:10     | Identified 3 scrolls of acquirement
  9825 | D:10     | Found a flagged portal.
  9836 | Bailey   | Entered a bailey
  9906 | Bailey   | Got a pitted leather armour
  9908 | Bailey   | Got a faintly humming scale mail
  9909 | Bailey   | Identified the +1 leather armour of Herphot {rN+} (You
                  | found it in a bailey)
  9910 | Bailey   | Identified the +6 scale mail of Qoidghen {MR+ Str-5 Int+5}
                  | (You found it in a bailey)
 10105 | D:10     | Found a staircase to the Orcish Mines.
 10634 | D:11     | Bought a warped helmet for 275 gold pieces
 10634 | D:11     | Identified the +1 helmet of Ethics {Regen+} (You bought it
                  | in a shop on level 11 of the Dungeon)
 10869 | D:11     | Found a staircase to the Lair.
 10993 | D:11     | Noticed a manticore
 11012 | D:11     | Noticed Erica
 11014 | D:11     | Killed a manticore
 11027 | D:11     | Killed Erica
 11027 | D:11     | Reached XP level 11. HP: 47/89 MP: 11/11
 11537 | D:12     | Noticed a red ugly thing
 11548 | D:12     | Killed a red ugly thing
 11715 | D:12     | Noticed a two-headed ogre
 11719 | D:12     | Killed a two-headed ogre
 11737 | D:12     | Noticed a death knight
 11766 | D:12     | Killed a death knight
 11766 | D:12     | Reached skill level 10 in Dodging
 11979 | D:12     | Noticed Psyche
 11987 | D:12     | Cast into level 1 of the Abyss (Psyche)
 12017 | Abyss:1  | Noticed a great orb of eyes
 12025 | Abyss:1  | Found a corrupted altar of Lugonu.
 12049 | Abyss:1  | Found a corrupted altar of Lugonu.
 12088 | Abyss:1  | Reached skill level 10 in Fighting
 12130 | Abyss:1  | Noticed a starcursed mass
 12152 | Abyss:1  | Noticed a starcursed mass
 12156 | Abyss:1  | Paralysed by accursed screaming for 1 turns
 12159 | Abyss:1  | Found a corrupted altar of Lugonu.
 12215 | Abyss:1  | Noticed a tentacled starspawn
 12223 | Abyss:1  | Killed a tentacled starspawn
 12310 | Abyss:2  | Found a corrupted altar of Lugonu.
 12381 | Abyss:3  | Noticed a thrashing horror
 12405 | Abyss:3  | Killed a thrashing horror
 12430 | Abyss:3  | Noticed a thrashing horror
 12443 | Abyss:3  | Killed a thrashing horror
 12449 | Abyss:3  | Noticed an ettin
 12471 | D:12     | Escaped the Abyss
 12494 | D:12     | Killed Psyche
 13026 | D:13     | Found a gate to the Vaults.
 13026 | D:13     | Noticed a two-headed ogre
 13026 | D:13     | Noticed an orc knight
 13026 | D:13     | Noticed Nessos
 13026 | D:13     | Noticed a centaur warrior
 13091 | Orc:1    | Entered Level 1 of the Orcish Mines
 13257 | Orc:2    | Entered Level 2 of the Orcish Mines
 13268 | Orc:2    | Noticed an orc sorcerer
 13269 | Orc:2    | Paralysed by an orc sorcerer for 5 turns
 13278 | Orc:2    | Paralysed by an orc sorcerer for 2 turns
 13280 | Orc:2    | Noticed an orc sorcerer
 13282 | Orc:2    | Killed an orc sorcerer
 13373 | Orc:2    | Killed an orc sorcerer
 13390 | Orc:2    | Noticed an orc knight
 13392 | Orc:2    | Noticed an orc sorcerer
 13396 | Orc:2    | Noticed an orc sorcerer
 13490 | D:10     | Killed an orc knight
 13490 | D:10     | Reached XP level 12. HP: 84/99 MP: 12/12
 13617 | Orc:1    | Paralysed by an orc sorcerer for 4 turns
 13624 | Orc:1    | Reached skill level 1 in Evocations
 13732 | Orc:2    | Noticed Saint Roka
 13738 | Orc:2    | Found a roughly hewn altar of Beogh.
 13740 | Orc:2    | Noticed an orc high priest
 14196 | Orc:2    | Killed an orc high priest
 14202 | Orc:2    | Slain by Saint Roka

Vault maps used:
D:1:      psy_arrival_basics
D:2:      lemuel_crystal_altar, first_ration, tgw_fedhas
D:3:      lemuel_doored_altar, xom_teletrap_fun, marbit_many_paths,
          serial_rivers, chequers_serial_rivers_room_b,
          chequers_serial_rivers_micro_c, chequers_serial_rivers_micro_a,
          chequers_serial_rivers_large_a
D:4:      nicolae_overflow_hidden_temple, minivault_26,
          small_statue_intersection, uniq_duvessa
D:5:      kennysheep_six_static_rooms, lemuel_temple_firewalk_b,
          chequers_serial_rivers_room_a, chequers_mini_garden,
          chequers_serial_rivers_room_b
D:6:      lemuel_round_altar, enter_ossuary_4, st_stairs_2
D:7:      vehumet_crystals, gammafunk_temple_overflow_pools,
          kb_lookout_dungeons_type
D:9:      kennysheep_mini_moat, serial_shops, nicolae_shop_crystal,
          david_nohive_1, minmay_pinched_square
D:10:     orc_0_dummy, enter_bailey_2
D:11:     due_lair_maze_entry_diamond, nicolae_benzene_ring, uniq_erica
D:12:     minmay_microvault, uniq_psyche
D:13:     david_vaults_3
Orc:1:    basic_altar, nicolae_orc_lava_room
Orc:2:    grunt_orc_cross, serial_shops,
          nicolae_shop_temple_entry_statues_fountains
Abyss:2:  evilmike_abyss_exit_4, hangedman_abyss_or_decor_clamps,
          onia_ninara_dug_in_and_dangerous
Abyss:3:  evilmike_abyss_rune_ettins
Ossuary:  ossuary_minmay_four_chambers
Bailey:   bailey_axe_1, bailey

Skill      XL: |  1  2  3  4  5  6  7  8  9 10 11 12 |
---------------+-------------------------------------+-----
Stealth        | 4 |  4.9
Dodging        | 1 2 3 4 6 9 11 | 11.3
Short Blades   | 2 3 |  3.9
Armour         | 1 2 3 4 6 7 8 9 |  9.3
Fighting       | 3 4 6 7 9 10 11 | 11.0
Evocations     | 1 |  1.2
Throwing       | |  1.7

Action                   |  1- 3 |  4- 6 |  7- 9 | 10-12 || total
-------------------------+-------+-------+-------+-------++-------
Melee: Dagger            |   134 |       |       |       ||   134
       Short sword       |    20 |    79 |   596 |   901 ||  1596
Invok: Call Merchant     |       |       |       |     3 ||     3
Evoke: Wand              |       |       |     2 |     7 ||     9
       Phial of floods   |       |       |       |     1 ||     1
  Use: Potion            |     1 |       |       |     2 ||     3
       Scroll            |       |     1 |     8 |    21 ||    30
 Stab: Sleeping          |     5 |       |     7 |     7 ||    19
       Distracted        |       |       |     5 |    10 ||    15
       Invisible         |       |       |       |     1 ||     1
  Eat: Chunk             |     6 |     3 |     3 |       ||    12
       Ration            |       |       |     4 |     6 ||    10
Armor: Ring mail         |    32 |    37 |   290 |   199 ||   558
       Robe              |     5 |       |       |       ||     5
       Leather armour    |       |       |       |   163 ||   163
       Fire dragon scale |       |       |       |   166 ||   166
Dodge: Dodged            |    52 |    53 |   357 |   913 ||  1375

Table legend:
 A = Non-vault XP
 B = Vault XP
 C = Vault XP percentage of total XP
 D = Non-vault monster count
 E = Vault monster count
 F = Vault count percentage of total count
                 A         B        C        D         E       F
            +---------+---------+-------+---------+---------+-------
      Total |   14289 |    9850 |  40.8 |     234 |     111 |  32.2
            +---------+---------+-------+---------+---------+-------
        D:1 |      33 |       0 |   0.0 |      18 |       0 |   0.0
        D:2 |       6 |       0 |   0.0 |       5 |       0 |   0.0
        D:3 |      59 |       2 |   3.3 |      15 |       1 |   6.2
        D:4 |     243 |     136 |  35.9 |      15 |       2 |  11.8
        D:5 |     873 |     129 |  12.9 |      21 |       5 |  19.2
        D:6 |     742 |      23 |   3.0 |      17 |       4 |  19.0
        D:7 |    1097 |     115 |   9.5 |      27 |       1 |   3.6
        D:8 |     642 |       0 |   0.0 |      18 |       0 |   0.0
        D:9 |    1526 |    1955 |  56.2 |      41 |      28 |  40.6
       D:10 |     519 |     468 |  47.4 |       9 |       1 |  10.0
       D:11 |    1211 |    1632 |  57.4 |      13 |       7 |  35.0
       D:12 |    3366 |    1048 |  23.7 |      21 |       2 |   8.7
      Orc:1 |     311 |     824 |  72.6 |       5 |       3 |  37.5
      Orc:2 |     318 |    2313 |  87.9 |       1 |      18 |  94.7
    Abyss:1 |    1993 |     293 |  12.8 |       4 |       1 |  20.0
    Abyss:3 |    1350 |       0 |   0.0 |       4 |       0 |   0.0
    Ossuary |       0 |     500 | 100.0 |       0 |      15 | 100.0
     Bailey |       0 |     412 | 100.0 |       0 |      23 | 100.0
            +---------+---------+-------+---------+---------+-------
